 Dungeon Crawl Stone Soup version 0.14-a0-1773-ge500af7 (webtiles) character file.

337 4tharraofdagon the Skirmisher (level 5, -5/46 HPs)
             Began as a Demigod Artificer on Jan 6, 2014.
             Killed from afar by a kobold (7 damage)
             ... on Level 5 of the Dungeon.
             The game lasted 00:05:44 (1976 turns).

4tharraofdagon the Skirmisher (Demigod Artificer)   Turns: 1976, Time: 00:05:44

HP  -5/46        AC  3     Str 16      XL: 5   Next: 49%
MP  10/10        EV 12     Int 16      God:
Gold 99          SH  0     Dex 17      Spells:  0 memorised,  4 levels left

rFire  . . .     SeeInvis .     k - +2,+0 whip (venom)
rCold  . . .     Clarity  .     e - +0 leather armour
rNeg   . . .     Conserve .     (no shield)
rPois  .         rCorr    .     (no helmet)
rElec  .         rRot     .     (no cloak)
SustAb . .       Spirit   .     (no gloves)
rMut   .         Warding  .     (no boots)
Saprov . . .     RndTele  +     (no amulet)
                                (no ring)
                                t - cursed ring of teleportation

@: slightly resistant to hostile enchantments, unstealthy
A: no striking features
a: Evoke Teleportation


You were on level 5 of the Dungeon.
You were very hungry.

You visited 1 branch of the dungeon, and saw 5 of its levels.

You collected 99 gold pieces.

Inventory:

Hand weapons
 a - a +0,+0 short sword
 k - a +2,+0 whip of venom (weapon)
 l - a +3,+0 elven dagger
Armour
 e - a +0 leather armour (worn)
 h - a +0 orcish ring mail
Magical devices
 b - a wand of flame (7)
 c - a wand of enslavement (14)
 d - a wand of random effects (9)
 o - a wand of disintegration (13)
 q - a wand of digging (10)
Comestibles
 f - 3 bread rations
 p - an apple
Scrolls
 g - 2 scrolls of identify
 m - 2 scrolls of immolation
 n - a scroll of random uselessness
Jewellery
 t - a cursed ring of teleportation (left hand)
Potions
 j - 3 potions of invisibility
 r - 2 potions of agility
 s - a potion of curing


   Skills:
 + Level 3.8 Fighting
 - Level 0.8 Short Blades
 * Level 2.1 Maces & Flails
 + Level 1.3 Armour
 + Level 2.6 Dodging
 - Level 0.8 Stealth
 - Level 2.6 Evocations


You had 4 spell levels left.
You didn't know any spells.

Dungeon Overview and Level Annotations

Branches:
Dungeon (5/16)
 Temple: D:4-7


Message History

* * * LOW HITPOINT WARNING * * *
The hound bites you but does no damage.
You hit the hound but do no damage.
The hound is severely wounded.
You kill the hound!
A giant cockroach comes into view.
You see here a hound corpse.
There is a stone staircase leading down here.
The ogre skeleton hits you!
* * * LOW HITPOINT WARNING * * *
You climb downwards.
A bat, a kobold and a crimson imp come into view.
The crimson imp shouts!
Found a robe and a potion of curing.
Found a stone staircase leading down.
There is a stone staircase leading up here.
The kobold shouts!
The kobold throws an exploding dart.
The exploding dart hits you!
The exploding dart explodes!
The explosion of dart fragments engulfs you!
You die...

####### #b.....#
#......# #..!..5#
#......# #......#
P #......#
.....#.<..[.####.
#.......@........
.K...#..>...####.
.... #......# ...
....##### #
######


You could see a crimson imp, a bat and a kobold.

Vanquished Creatures
  An ogre (D:3)
  2 hounds (D:4)
  4 adders
  2 giant eyeballs (D:4)
  2 oozes
  3 orcs (D:4)
  A ball python (D:1)
  A giant cockroach (D:1)
  7 hobgoblins
  5 jackals (D:1)
  10 kobolds
  2 quokkas
  5 bats
  4 giant geckos
  3 giant newts
  4 goblins
  9 rats
65 creatures vanquished.

Notes
Turn   | Place    | Note
--------------------------------------------------------------
     0 | D:1      | 4tharraofdagon, the Demigod Artificer, began the quest for the Orb.
     0 | D:1      | Reached XP level 1. HP: 15/15 MP: 2/2
    16 | D:1      | Reached skill level 1 in Fighting
   175 | D:1      | Reached XP level 2. HP: 15/24 MP: 3/3
   740 | D:2      | Reached XP level 3. HP: 12/30 MP: 6/6
   782 | D:2      | Reached skill level 3 in Fighting
   886 | D:2      | HP: 1/31 [quokka (2)]
  1200 | D:3      | Found a blossoming altar of Fedhas.
  1200 | D:3      | Found a white marble altar of Elyvilon.
  1374 | D:3      | Noticed an ogre
  1380 | D:3      | Killed an ogre
  1380 | D:3      | Reached skill level 1 in Maces & Flails
  1380 | D:3      | Reached skill level 1 in Armour
  1380 | D:3      | Reached XP level 4. HP: 39/39 MP: 8/8
  1443 | D:3      | Reached XP level 5. HP: 36/45 MP: 10/10
  1657 | D:4      | Paralysed by a giant eyeball for 4 turns
  1667 | D:4      | Paralysed by a giant eyeball for 4 turns
  1756 | D:4      | Found a burning altar of Makhleb.
  1758 | D:4      | Paralysed by a giant eyeball for 4 turns
  1974 | D:4      | HP: 2/46 [ogre skeleton (7)]
  1975 | D:5      | Entered Level 5 of the Dungeon
  1976 | D:5      | Killed from afar by a kobold

Action                   |  1- 3 |  4- 6 || total
-------------------------+-------+-------++-------
Melee: Short sword       |   122 |       ||   122
       Dagger            |     7 |       ||     7
       Whip              |    39 |    75 ||   114
Evoke: Wand              |    16 |     1 ||    17
  Use: Potion            |     4 |     1 ||     5
       Scroll            |       |     4 ||     4
 Stab: Sleeping          |     1 |       ||     1
